 Dungeon Crawl Stone Soup version 0.30.1-11-g7821555f0a (webtiles) character file.

Game seed: 5425326007663116689

30 Dordric the Slasher (level 3, -2/29 HPs)
             Began as a Barachi Fighter on Oct 31, 2023.
             Slain by Sigmund
             ... wielding a +0 scythe
              (3 damage)
             ... on level 2 of the Dungeon.
             The game lasted 00:01:12 (811 turns).

Dordric the Slasher (Barachi Fighter)                Turns: 811, Time: 00:01:13

Health: -2/29      AC:  6    Str: 17    XL:     3   Next: 18%
Magic:  3/3        EV:  9    Int:  8    God:
Gold:   9          SH:  4    Dex: 13    Spells: 2/2 levels left

rFire   . . .        a - +0 long sword
rCold   . . .        c - +0 buckler
rNeg    . . .        b - +0 scale mail
rPois   .            (no helmet)
rElec   .            (no cloak)
rCorr   .            (no gloves)
SInv    .            (no boots)
Will    .....        (no amulet) Stlth
                     (no ring)
HPRegen 0.24/turn    (no ring)
MPRegen 0.08/turn

%: no passive effects
@: slow
A: amphibious, slowness 1, strong legs 1, +LOS
a: Hop


You were on level 2 of the Dungeon.
You visited 1 branch of the dungeon, and saw 2 of its levels.

You collected 9 gold pieces.

Inventory:

Hand Weapons
 a - a +0 long sword (weapon)
Armour
 b - a +0 scale mail (worn)
 c - a +0 buckler (worn)
Jewellery
 m - a +6 ring of dexterity
Scrolls
 h - a scroll of torment {unknown}
 k - a scroll of fog {unknown}
 n - a scroll of teleportation {unknown}
Potions
 d - a potion of might
 e - a potion of heal wounds {unknown}
 f - a potion of ambrosia {unknown}
 g - a potion of brilliance {unknown}
 i - a potion of mutation {unknown}
 j - a potion of attraction {unknown}
 l - a potion of curing {unknown}


   Skills:
 - Level 3.6 Fighting
 + Level 4.3 Long Blades
 - Level 3.6 Armour
 - Level 3.2 Shields


You had 2 spell levels left.
You didn't know any spells.
Your spell library was empty.

Dungeon Overview and Level Annotations

Branches:
Dungeon (2/15)

Altars:

Annotations:
D:2 Sigmund


Innate Abilities, Weirdness & Mutations

You are amphibious.
You cover ground slowly.
You can hop short distances.
You have an extended range of vision and can be seen from far away.


Message History

You slash the adder!
The adder is almost dead.
You feel sick. The adder closely misses you.
You slash the adder!
You kill the adder!
You feel sick.
You have reached level 3!
Your experience leads to an increase in your attributes!
Increase (S)trength, (I)ntelligence, or (D)exterity?
You feel agile. x2
You feel sick.
You feel sick.
You feel sick.
You are no longer poisoned.
HP restored.
n - a scroll labelled OMPUHOATAU Sigmund the Dreaded comes into view.
He is wielding a +0 scythe.
Sigmund is nearby!
Found a golden potion.
Sigmund drinks a potion.
Sigmund seems to speed up.
Sigmund points at you and mumbles some strange words.
You are confused.
You bump into the rock wall.
Sigmund mumbles some strange words.
Sigmund flickers and vanishes!
Deactivating autopickup; reactivate with Ctrl-A.
You bump into the rock wall.
Something hits you. Something hits you. Something hits you but does no damage.
Something hits you.
Found a scroll labelled JAJAGY BURINA.
Found 3 stones.
You feel less confused. Something hits you but does no damage.
Something hits you.
You closely miss something. You block something's attack.
You hit something. Something hits you but does no damage.
You closely miss something. Something hits you! x2
* * * LOW HITPOINT WARNING * * *
You miss something. Something hits you.
You die...

##.####.# .... .......#
...# #.?....# !..# #
#......# #...#
...##......# #.@.#
........# ###...## ###
#.....# #......# #..
#.##.#.######.###..# #.#
#......@{......##..###.#
####.#.######...........
#.#.# #...###.##.# . #.(
#...# #..... ## ###
#...###.##..
#.......#### #.......#
#.##.#..# #....(..##.#


There were no monsters in sight!

Vanquished Creatures
  An adder (D:2)
  3 bats (D:1)
  An endoplasm (D:1)
  3 giant cockroaches (D:1)
  3 hobgoblins (D:1)
  A quokka (D:1)
  2 goblins (D:1)
  3 kobolds (D:1)
  2 rats (D:1)
19 creatures vanquished.

Notes
Turn   | Place    | Note
-------+----------+-------------------------------------------
     0 | D:1      | Dordric the Barachi Fighter began the quest for the Orb.
     0 | D:1      | Reached XP level 1. HP: 18/18 MP: 1/1
    25 | D:1      | Reached skill level 3 in Long Blades
    99 | D:1      | Reached XP level 2. HP: 24/24 MP: 2/2
   548 | D:1      | Reached skill level 4 in Long Blades
   753 | D:2      | Reached XP level 3. HP: 25/29 MP: 3/3
   793 | D:2      | Noticed Sigmund
   810 | D:2      | HP: 1/29 [something (8)]
   811 | D:2      | Slain by Sigmund

Illustrated notes

Levels and vault maps discovered:
D:1:      minmay_arrival_four_circles, layout_loops_ring,
          hangedman_decor_opposing, hangedman_decor_lopped
D:2:      layout_loops_cross, uniq_sigmund

Skill      XL: |  1  2 |
---------------+-------+-----
Long Blades    | 3 4 |  4.3
Fighting       | |  3.6
Armour         | |  3.6
Shields        | |  3.2

Action                     || total
---------------------------++-------
  Melee: Long sword        ||    63
 Armour: Scale mail        ||    26
  Dodge: Dodged            ||    28
  Block: Buckler           ||    17
